 Dungeon Crawl Stone Soup version 0.20.1-1-g8b1a95d (webtiles) character file.

547 slep the Slasher (level 7, -5/41 HPs)
             Began as a Gargoyle Gladiator on Dec 27, 2017.
             Was a Follower of Okawaru.
             Slain by goopyman917's ghost (8 damage)
             ... on level 5 of the Dungeon.
             The game lasted 00:16:52 (3831 turns).

slep the Slasher (Gargoyle Gladiator)               Turns: 3831, Time: 00:16:53

Health: -5/41      AC:  9    Str: 16 (19) XL:     7   Next: 28%
Magic:  0/16       EV: 13    Int: 11 (13) God:    Okawaru [*.....]
Gold:   197        SH:  0    Dex: 12      Spells: 6/6 levels left

rFire    . . .     SeeInvis +   a - +0 long sword
rCold    . . .     Gourm    .   (no shield)
rNeg     + . .     Faith    .   q - +0 leather armour (curse)
rPois    ∞         Spirit   +   c - +0 helmet
rElec    +         Reflect  .   (no cloak)
rCorr    .         Harm     .   l - +0 pair of gloves
MR       .....                  x - -2 pair of boots (curse)
Stlth    +.........             v - amulet of guardian spirit
Regen    0.2/turn               w - ring of magical power
MPRegen  0.2/turn               z - ring of see invisible

@: brilliant
A: negative energy resistance 1, electricity resistance, unbreathing,
petrification resistance, rot immunity, AC +4
a: Heroism, Renounce Religion


You were on level 5 of the Dungeon.
You worshipped Okawaru.
Okawaru was aware of your devotion.
You were not hungry.

You visited 2 branches of the dungeon, and saw 6 of its levels.

You collected 197 gold pieces.

Inventory:

Hand Weapons
 a - a +0 long sword (weapon)
 F - the +7 dagger of Resourcefulness {pierce, +Inv rF+, unknown}
   (You found it on level 5 of the Dungeon)

   It inflicts extra damage upon your enemies.
   It protects you from fire.
   It lets you turn invisible.
Missiles
 d - 4 throwing nets (quivered)
 s - 60 sling bullets
 C - 11 tomahawks
Armour
 b - a +0 leather armour
 c - a +0 helmet (worn)
 l - a +0 pair of gloves (worn)
 n - +0 fire dragon scales
 q - a cursed +0 leather armour (worn)
 x - a cursed -2 pair of boots (worn)
Magical Staves
 D - an uncursed staff of air
Jewellery
 k - an uncursed amulet of the gourmand
 v - an amulet of guardian spirit (around neck)
 w - a ring of magical power (left hand)
 z - a ring of see invisible (right hand)
Wands
 B - a wand of flame (5/48)
Scrolls
 h - a scroll of magic mapping {unknown}
 j - 4 scrolls of identify {unknown}
 o - a scroll of recharging {unknown}
 p - 3 scrolls of teleportation {unknown}
 r - 2 scrolls of amnesia {unknown}
 t - a scroll of fear {unknown}
 y - a scroll of enchant weapon {unknown}
 E - 2 scrolls of fog {unknown}
Potions
 i - a potion of degeneration
Comestibles
 f - 4 bread rations
 g - 4 meat rations
 A - 4 royal jellies


   Skills:
 + Level 3.5 Fighting
 + Level 5.4 Long Blades
 + Level 2.0 Throwing
 + Level 3.1 Armour
 + Level 3.6 Dodging
 + Level 0.5 Stealth


You had 6 spell levels left.
You didn't know any spells.

Dungeon Overview and Level Annotations

Branches:
Dungeon (5/15)             Temple (1/1) D:5

Altars:
Dithmenos
Kikubaaqudgha
Nemelex Xobeh
Okawaru
Xom
Zin
The Shining One

Annotations:
D:5 goopyman917's ghost, novice MiBe


Innate Abilities, Weirdness & Mutations

You are resistant to torment.
Your stone body is resilient. (AC +4)
You are immune to poison.
You resist negative energy. (rN+)
You are resistant to electric shocks. (rElec)
You can survive without breathing.
You are immune to petrification.
You are immune to rotting.


Message History

Aiming: Throw Flame (will waste charges)
Press: ? - help, Shift-Dir - straight line, f/p - goopyman917's ghost
Aim: goopyman917's ghost (heavily damaged)
The puff of flame hits goopyman917's ghost.
Goopyman917's ghost appears unharmed.
Goopyman917's ghost is heavily damaged.
Evoking this partially-identified wand wasted a few charges.
Goopyman917's ghost hits you.
* * * LOW HITPOINT WARNING * * *
You hit goopyman917's ghost but do no damage.
Goopyman917's ghost is heavily damaged.
Goopyman917's ghost hits you but does no damage.
You closely miss goopyman917's ghost.
Goopyman917's ghost is heavily damaged.
Goopyman917's ghost hits you but does no damage.
You barely miss goopyman917's ghost.
Goopyman917's ghost is heavily damaged.
Goopyman917's ghost completely misses you.
Goopyman917's ghost hits you!
You die...

.# ....... .# ...... .#
..... #### ....
...###### ###.# ##
.#......## ##...## ....
....##...#####.....#..#
.#.[..÷..##.....W....#
<..#........#...@...##
###..#.##...........#
##..##.....##......#..#
##.#######...........##
#..# #.)........## #.##
###........# >.#
#####........## ###
#....[.##...## #
#....).......


You could see goopyman917's ghost.

Vanquished Creatures
  A phantom (D:4)
  The ghost of slep the Slasher, an amateur DsGl (D:3)
  A scorpion (D:5)
  A howler monkey (D:5)
  A crimson imp (D:5)
  A centaur zombie (D:5)
  A bullfrog zombie (D:5)
  2 worker ants (D:5)
  3 adders
  2 oozes
  An adder skeleton (D:5)
  3 worms
  2 dart slugs
  3 leopard geckos
  16 orcs
  3 goblins
  8 hobgoblins
  5 jackals (D:4)
  2 quokkas
  A ball python (D:2)
  9 bats
  2 frilled lizards
  6 kobolds
  A leopard gecko skeleton (D:4)
  9 rats
85 creatures vanquished.

Notes
Turn   | Place    | Note
-------+----------+-------------------------------------------
     0 | D:1      | slep the Gargoyle Gladiator began the quest for the Orb.
     0 | D:1      | Reached XP level 1. HP: 12/12 MP: 1/1
    94 | D:1      | Reached XP level 2. HP: 5/17 MP: 2/2
   101 | D:1      | Reached skill level 3 in Long Blades
   535 | D:1      | You fall through a shaft!
   606 | D:2      | Reached XP level 3. HP: 15/22 MP: 3/3
   686 | D:2      | Found a faded altar of an unknown god.
  1256 | D:2      | Reached skill level 1 in Armour
  1256 | D:2      | Reached XP level 4. HP: 27/27 MP: 4/4
  1788 | D:3      | Noticed slep's ghost (amateur DsGl)
  1976 | D:5      | Entered Level 5 of the Dungeon
  1987 | D:5      | Found a staircase to the Ecumenical Temple.
  1997 | Temple   | Entered the Ecumenical Temple
  2091 | Temple   | Became a worshipper of Warmaster Okawaru
  2135 | D:5      | Reached XP level 5. HP: 19/31 MP: 5/5
  2203 | D:5      | Reached skill level 4 in Long Blades
  2269 | D:5      | Reached * piety under Okawaru
  2269 | D:5      | Reached XP level 6. HP: 25/36 MP: 6/6
  2308 | D:5      | Got a brightly glowing dagger
  2314 | D:5      | Noticed goopyman917's ghost (novice MiBe)
  2498 | D:4      | Noticed a phantom
  2519 | D:4      | Killed a phantom
  2519 | D:4      | Reached skill level 5 in Long Blades
  2838 | D:4      | Found a glowing golden altar of the Shining One.
  3085 | D:3      | Killed slep's ghost
  3085 | D:3      | Reached XP level 7. HP: 28/41 MP: 7/7
  3831 | D:5      | Slain by goopyman917's ghost

Skill      XL: |  1  2  3  4  5  6 |
---------------+-------------------+-----
Long Blades    | 3 4 5 |  5.4
Throwing       | 2 |  2.0
Armour         | 1 2 3 |  3.1
Dodging        | 3 |  3.6
Fighting       | 3 |  3.5
Stealth        | |  0.5

Action                   |  1- 3 |  4- 6 |  7- 9 || total
-------------------------+-------+-------+-------++-------
Melee: Long sword        |   121 |   178 |    81 ||   380
Evoke: Wand              |       |       |     8 ||     8
  Use: Potion            |       |     3 |     4 ||     7
 Stab: Sleeping          |       |     1 |       ||     1
  Eat: Chunk             |     1 |     9 |       ||    10
Armor: Leather armour    |    63 |    65 |    25 ||   153
       Fire dragon scale |     1 |       |       ||     1
       Skin              |       |       |    15 ||    15
Dodge: Dodged            |   107 |   133 |    54 ||   294
       Rpst.: Long sword |    31 |    48 |    24 ||   103
